 Dungeon Crawl Stone Soup version 0.25-a0-316-gd28d56f9c5 (webtiles) character file.

Game seed: 13730522054713500811, levelgen mode: classic

122281 Borgoz the Fencer (level 16, -5/107 HPs)
             Began as a Gargoyle Berserker on Dec 24, 2019.
             Was a High Priest of Trog.
             Killed by the air
             ... invoked by a wind drake
              (26 damage)
             ... on level 2 of the Shoals.
             The game lasted 00:53:56 (25894 turns).

Borgoz the Fencer (Gargoyle Berserker)             Turns: 25894, Time: 00:53:56

Health: -5/107     AC: 31    Str: 25    XL:     16   Next: 87%
Magic:  0/16       EV: 16    Int: 10    God:    Trog [*****.]
Gold:   1928       SH:  0    Dex: 18    Spells: 15/15 levels left

rFire    + . .     SeeInvis +   a - +6 great sword (flame)
rCold    . . .     Gourm    .   (shield currently unavailable)
rNeg     + . .     Faith    .   o - +3 plate armour {rF+}
rPois    ∞         Spirit   +   G - +0 hat {SInv}
rElec    +         Reflect  .   y - scarf {repulsion}
rCorr    .         Harm     .   (no gloves)
MR       +....                  (no boots)
Stlth    ..........             X - amulet of guardian spirit
HPRegen  0.27/turn              g - +3 ring of slaying
MPRegen  0.15/turn              E - ring of the Modern Suns {Str+4 Dex+4 Slay+2}

@: flying, slowed, repel missiles, very slow
A: big wings, negative energy resistance 1, electricity resistance, unbreathing,
petrification resistance, rot immunity, AC +12
a: Stop Flying, Berserk, Trog's Hand, Brothers in Arms, Renounce Religion


You were on level 2 of the Shoals.
You worshipped Trog.
Trog was extremely pleased with you.
You were not hungry.

You visited 4 branches of the dungeon, and saw 25 of its levels.
You also visited: Ossuary and Volcano.

You collected 2773 gold pieces.
You spent 845 gold pieces at shops.

Inventory:

Hand Weapons
 a - a +6 great sword of flaming (weapon)
Missiles
 H - 4 throwing nets (quivered)
Armour
 l - the +1 hat of the Fisher {rF+}
   (You bought it in a shop on level 2 of the Orcish Mines)

   It protects you from fire.
 o - a +3 plate armour of fire resistance (worn)
 y - a scarf of repulsion (worn)
 G - a +0 hat of see invisible (worn)
 J - a +2 scale mail of cold resistance
Jewellery
 g - a +3 ring of slaying (left hand)
 C - an uncursed ring of fire
 E - the ring of the Modern Suns (right hand) {Str+4 Dex+4 Slay+2}
   (You found it on level 6 of the Lair of Beasts)

   [ring of slaying]

   It affects your strength (+4).
   It affects your dexterity (+4).
   It affects your accuracy and damage with ranged weapons and melee attacks
   (+2).
 W - an uncursed ring of protection from cold
 X - an amulet of guardian spirit (around neck)
Wands
 e - a wand of digging (5)
 h - a wand of disintegration (24)
 j - a wand of acid (4)
 q - a wand of iceblast (4)
 z - a wand of scattershot (6)
 M - a wand of paralysis (6)
Scrolls
 d - 5 scrolls of blinking
 i - 11 scrolls of remove curse
 m - 8 scrolls of fear
 p - a scroll of holy word
 r - 5 scrolls of identify
 t - a scroll of enchant weapon
 u - 5 scrolls of teleportation
 v - 4 scrolls of enchant armour
 w - 4 scrolls of fog
 x - 2 scrolls of summoning
 P - 4 scrolls of magic mapping
Potions
 b - a potion of mutation {unknown}
 f - 3 potions of heal wounds
 k - 2 potions of berserk rage
 s - 13 potions of curing
 A - 2 potions of resistance
 B - 6 potions of agility
 D - 3 potions of ambrosia
 I - 2 potions of cancellation
 K - 4 potions of haste
 O - 4 potions of might
Comestibles
 c - 43 rations


   Skills:
 + Level 14.4 Fighting
 + Level 15.6 Long Blades
 + Level 14.5 Armour
 + Level 13.0 Dodging


You had 15 spell levels left.
You didn't know any spells.
Your spell library was empty.

Dungeon Overview and Level Annotations

Branches:
Dungeon (15/15)            Temple (0/1) D:4            Lair (6/6) D:10
 Shoals (2/4) Lair:2       Spider (0/4) Lair:3        Slime (0/5) Lair:6
    Orc (2/2) D:10            Elf (0/3) Orc:2        Vaults (0/5) D:14
 Depths (0/5) D:15        Ossuary (visited)         Volcano (visited)

Altars:
Ashenzari
Cheibriados
Dithmenos
Fedhas
Gozag
Makhleb
Okawaru
Qazlal
Sif Muna
Uskayaw
Vehumet
Yredelemnul
The Shining One
Beogh

Shops:
D:5 *   Orc:2 [?((:   Shoals:2 *%

Annotations:
Lair:6 exclusion: 3 oklob plants


Innate Abilities, Weirdness & Mutations

You are resistant to torment.
Your stone body is resilient. (AC +12)
You are immune to poison.
Your large and strong wings let you fly indefinitely.
You resist negative energy. (rN+)
You are resistant to electric shocks. (rElec)
You can survive without breathing.
You are immune to petrification.
You are immune to rotting.


Message History

The air twists around and violently strikes you in flight.
* * * LOW HITPOINT WARNING * * *
The faun shoots a stone.
The stone misses you.
The merfolk hits you but does no damage.
A snapping turtle comes into view.
The snapping turtle hisses angrily.
The faun points at you and mumbles some strange words.
You resist with some effort. The merfolk misses you.
The wind drake exhales a fierce blast of wind!
You are blown backwards!
A harpy and a wind drake come into view.
You feel much better.
The wind drake hisses angrily.
The harpy screeches!
The wind drake flaps its wings at you.
The air twists around and violently strikes you in flight!!
* * * LOW HITPOINT WARNING * * *
The snapping turtle bites you but does no damage.
The wind drake flaps its wings at you.
The air twists around and violently strikes you in flight!!
You die...

..........≈≈≈≈≈≈≈≈
..............≈≈c≈≈≈≈≈≈.
.....k.......≈≈)≈≈≈≈≈≈≈.
...8.....#...≈≈≈≈≈≈≈≈≈≈≈
.........#...≈≈≈≈≈≈≈≈≈≈≈
.......$...m≈k≈≈≈≈≈..≈≈.
.............≈≈≈≈≈≈≈≈≈..
...≈.......>..≈≈≈.≈≈≈###
.....H.@....(.≈≈≈≈...#
.......t.......≈≈≈≈≈..
≈.........≈...≈.≈≈≈≈≈..
....≈≈≈...≈.≈≈≈≈≈≈≈≈≈≈
..........≈.≈≈≈≈.≈≈≈≈≈
..≈.......≈≈≈≈≈.≈≈≈≈≈
≈≈≈≈≈≈..≈≈≈≈≈≈≈
≈≈≈≈≈≈≈≈≈≈≈≈≈≈≈


You could see a snapping turtle, 2 wind drakes, a merfolk and a harpy.

Vanquished Creatures
  A tengu reaver (D:11)
  A fire giant (D:15)
  2 orc warlords
  A dire elephant (Lair:6)
  Nessos (Lair:4)
  Snorg (Lair:3)
  A fire dragon (D:14)
  A merfolk impaler (Shoals:1)
  Josephine (Orc:2)
  Fannar (D:10)
  2 ogre magi
  The ghost of Borgoz the Protected, a journeyman GrFi of Ashenzari (D:12)
  Harold (D:10)
  6 hydras
  2 catoblepae
  5 two-headed ogres
  An alligator snapping turtle (Shoals:1)
  A centaur warrior (D:15)
  A merfolk aquamancer (Shoals:2)
  2 merfolk avatars (Shoals:1)
  2 tengu warriors (D:13)
  A deep troll shaman (Lair:6)
  10 death yaks
  A fire crab (Volcano)
  8 sea snakes
  2 unseen horrors (D:14)
  A wolf spider zombie (D:14)
  An orange crystal statue (Lair:4)
  3 harpies (Shoals:2)
  An orc knight (D:15)
  A lindwurm (Volcano)
  12 fauns
  6 orc sorcerers
  2 deep elf magi (Orc:1)
  6 manticores
  8 cyclopes
  A salamander (shapeshifter) (D:13)
  14 elephants
  4 merfolk sirens
  2 water nymphs
  7 black mambas
  14 spiny frogs
  2 gargoyles (D:13)
  12 komodo dragons
  5 kobold demonologists (D:12)
  4 rime drakes
  4 efreet
  6 trolls
  3 polar bears
  10 merfolk
  Grinder (D:6)
  2 wind drakes
  A hornet (D:15)
  13 slime creatures
  A raiju (shapeshifter) (D:14)
  10 dream sheep
  2 snapping turtles
  22 blink frogs
  12 hippogriffs
  A centaur simulacrum (D:15)
  10 wraiths
  2 shadows
  2 redbacks (Lair:3)
  15 fire bats
  A spriggan (D:8)
  40 yaks
  4 wyverns
  2 water elementals
  4 basilisks
  2 hungry ghosts (D:11)
  3 steam dragons (Volcano)
  10 vampire mosquitoes
  Edmund (D:5)
  6 wargs
  2 acid dragons
  11 water moccasins
  9 porcupines
  3 hell hounds (Volcano)
  4 ice beasts
  37 orc warriors
  A swamp drake (Orc:1)
  2 phantoms
  An eye of draining (D:13)
  2 black bears
  6 sky beasts
  9 ogres
  6 centaurs
  5 wolves
  18 crocodiles
  7 big kobolds
  18 bullfrogs
  5 scorpions
  A wyvern skeleton (D:6)
  11 wights
  6 electric eels
  4 howler monkeys
  14 crimson imps
  A centaur zombie (D:10)
  5 jellies
  4 lava snakes (Lair:4)
  A quasit (D:12)
  A bullfrog skeleton (D:11)
  3 hounds
  4 centaur skeletons
  17 orc priests
  A gnoll shaman (D:8)
  An iron imp (Orc:1)
  Jessica (D:2)
  3 iguanas
  34 orc wizards
  14 worker ants
  2 big kobold zombies (Ossuary)
  A hound zombie (D:11)
  8 mummies (Ossuary)
  8 gnolls
  10 adders
  6 shadow imps
  A white imp (Orc:1)
  An adder zombie (D:9)
  5 worms
  A dart slug (D:5)
  10 leopard geckos
  114 orcs
  5 bats
  5 giant cockroaches
  5 goblins
  7 hobgoblins
  8 jackals
  4 quokkas
  4 frilled lizards
  2 gnoll zombies (Ossuary)
  2 hobgoblin zombies (Ossuary)
  A jackal skeleton (D:4)
  15 kobolds
  A kobold zombie (Ossuary)
  A leopard gecko skeleton (D:4)
  An orc zombie (Ossuary)
  8 rats
  A bush (D:10)
  5 fungi
  4 plants
871 creatures vanquished.

Vanquished Creatures (collateral kills)
  2 kobold demonologists (D:12)
  4 big kobolds (D:12)
6 creatures vanquished.

Vanquished Creatures (others)
  An adder (D:11)
  4 fungi
  21 plants
26 creatures vanquished.

Grand Total: 903 creatures vanquished

Notes
Turn   | Place    | Note
-------+----------+-------------------------------------------
     0 | D:1      | Borgoz the Gargoyle Berserker began the quest for the Orb.
     0 | D:1      | Reached XP level 1. HP: 14/14 MP: 1/1
   384 | D:1      | Reached XP level 2. HP: 19/19 MP: 2/2
   537 | D:1      | Reached skill level 3 in Long Blades
   958 | D:2      | Noticed Jessica
   967 | D:2      | Killed Jessica
   967 | D:2      | Reached XP level 3. HP: 15/23 MP: 3/3
  1123 | D:2      | Reached XP level 4. HP: 26/28 MP: 4/4
  1143 | D:2      | Reached ** piety under Trog
  1575 | D:3      | Reached XP level 5. HP: 32/32 MP: 5/5
  1725 | D:3      | Reached skill level 4 in Long Blades
  1791 | D:3      | Found a burning altar of Makhleb.
  1791 | D:3      | Found a basalt altar of Yredelemnul.
  1791 | D:3      | Found a shadowy altar of Dithmenos.
  1808 | D:3      | Found a stormy altar of Qazlal.
  1808 | D:3      | Found an opulent altar of Gozag.
  1817 | D:3      | Found an iron altar of Okawaru.
  2118 | D:3      | Reached XP level 6. HP: 37/37 MP: 6/6
  2462 | D:4      | Reached *** piety under Trog
  2663 | D:4      | Found a staircase to the Ecumenical Temple.
  3132 | D:4      | Reached XP level 7. HP: 41/41 MP: 7/7
  3311 | D:5      | Entered Level 5 of the Dungeon
  3332 | D:5      | Found Qeif's General Store.
  3345 | D:5      | Bought a scroll of remove curse for 33 gold pieces
  3372 | D:5      | Reached skill level 5 in Long Blades
  3415 | D:5      | Noticed Edmund
  3423 | D:5      | Killed Edmund
  3598 | D:5      | Found a snail-covered altar of Cheibriados.
  3659 | D:5      | Reached XP level 8. HP: 46/46 MP: 8/8
  3687 | D:5      | Reached skill level 5 in Dodging
  3830 | D:5      | Reached skill level 6 in Long Blades
  3830 | D:5      | Reached skill level 5 in Armour
  4022 | D:6      | Reached **** piety under Trog
  4178 | D:6      | Noticed Grinder
  4182 | D:6      | Killed Grinder
  5191 | D:7      | Found a glowing golden altar of the Shining One.
  5192 | D:7      | Found a radiant altar of Vehumet.
  5361 | D:8      | Found a sand-covered staircase.
  5366 | Ossuary  | Entered an ossuary
  5408 | Ossuary  | Reached XP level 9. HP: 51/51 MP: 9/9
  5411 | Ossuary  | Reached skill level 7 in Long Blades
  5610 | D:8      | Found a basalt altar of Yredelemnul.
  5893 | D:8      | Found a shattered altar of Ashenzari.
  6006 | D:8      | Found a shimmering blue altar of Sif Muna.
  6031 | D:8      | Reached skill level 8 in Long Blades
  6039 | D:8      | Reached ***** piety under Trog
  6039 | D:8      | Received a gift from Trog
  6181 | D:8      | Noticed a troll
  6189 | D:8      | Killed a troll
  6191 | D:8      | Reached XP level 10. HP: 26/56 MP: 10/10
  7243 | D:10     | Entered Level 10 of the Dungeon
  7503 | D:10     | Reached skill level 9 in Long Blades
  7535 | D:10     | Found a staircase to the Lair.
  7710 | D:10     | Noticed Harold
  7717 | D:10     | Paralysed by Harold for 7 turns
  7729 | D:10     | Killed Harold
  7820 | D:10     | Found a staircase to the Orcish Mines.
  7839 | D:10     | Noticed Fannar
  7860 | D:10     | Killed Fannar
  7860 | D:10     | Reached skill level 10 in Long Blades
  7860 | D:10     | Reached XP level 11. HP: 46/60 MP: 11/11
  8399 | D:11     | Received a gift from Trog
  8574 | D:11     | Noticed a cyclops
  8578 | D:11     | Found a blossoming altar of Fedhas.
  8583 | D:11     | Killed a cyclops
  8798 | D:11     | Got a smoking helmet
  8809 | D:11     | Identified the cursed +0 helmet of Filth {rF+ Str-2 Stlth+}
                  | (You found it on level 11 of the Dungeon)
  8873 | D:11     | Noticed a cyclops
  8902 | D:11     | Killed a cyclops
  9625 | D:12     | Reached skill level 5 in Fighting
  9775 | D:12     | Found a runed translucent gate.
  9775 | D:12     | Found a runed translucent gate.
  9776 | D:12     | Found a runed translucent gate.
  9777 | D:12     | Noticed Borgoz's ghost (journeyman GrFi)
  9780 | D:12     | Identified the +4 whip of Plog {chaos, rPois Int+2 Dex+3}
  9780 | D:12     | Identified the cursed +3 dagger "Death Rattle" {chaos,
                  | Dex+4}
  9837 | D:12     | Received a gift from Trog
  9856 | D:12     | Reached skill level 11 in Long Blades
 10336 | D:11     | Reached XP level 12. HP: 65/70 MP: 12/12
 10588 | D:11     | Found a basalt altar of Yredelemnul.
 10588 | D:11     | Noticed a tengu reaver
 10589 | D:11     | Noticed a catoblepas
 10590 | D:11     | Found a radiant altar of Vehumet.
 10595 | D:11     | Killed a catoblepas
 10602 | D:11     | Killed a tengu reaver
 10641 | D:11     | Noticed an ogre mage
 10725 | D:11     | Killed an ogre mage
 10725 | D:11     | Reached skill level 10 in Dodging
 11204 | D:13     | Reached skill level 10 in Armour
 11221 | D:13     | Noticed a tengu warrior
 11222 | D:13     | Noticed a tengu warrior
 11232 | D:13     | Killed a tengu warrior
 11248 | D:13     | Killed a tengu warrior
 11334 | D:13     | Received a gift from Trog
 11605 | D:13     | Noticed a two-headed ogre
 11619 | D:13     | Killed a two-headed ogre
 11619 | D:13     | Reached skill level 12 in Long Blades
 12088 | D:13     | Noticed a two-headed ogre
 12095 | D:13     | Killed a two-headed ogre
 12095 | D:13     | Reached XP level 13. HP: 79/80 MP: 6/13
 12438 | D:14     | Found a gate to the Vaults.
 12438 | D:14     | Noticed a fire dragon
 12449 | D:14     | Killed a fire dragon
 12460 | D:14     | Noticed an ogre mage
 12466 | D:14     | Paralysed by an ogre mage for 6 turns
 12510 | D:14     | Killed an ogre mage
 13171 | D:14     | Reached skill level 10 in Fighting
 13182 | D:14     | Received a gift from Trog
 13262 | D:15     | Entered Level 15 of the Dungeon
 13573 | D:15     | Reached skill level 13 in Long Blades
 14027 | D:15     | Noticed a fire giant
 14046 | D:15     | HP: 6/126 [fire giant/+2 great sword of flaming (2)]
 14047 | D:15     | Killed a fire giant
 14047 | D:15     | Gained mutation: Your large and strong wings let you fly
                  | indefinitely. [Gargoyle growth]
 14047 | D:15     | Reached XP level 14. HP: 6/90 MP: 14/14
 14319 | D:15     | Found a staircase to the Depths.
 14624 | D:12     | Killed Borgoz's ghost
 14638 | D:12     | Received a gift from Trog
 14796 | Lair:1   | Entered Level 1 of the Lair of Beasts
 15715 | Lair:2   | Found a dark tunnel.
 15743 | Volcano  | Entered a volcano
 16099 | Lair:2   | Found a staircase to the Shoals.
 16107 | Lair:2   | Received a gift from Trog
 16128 | Lair:2   | Reached skill level 14 in Long Blades
 16762 | Lair:3   | Noticed Snorg
 16775 | Lair:3   | Killed Snorg
 17210 | Lair:3   | Found a hole to the Spider Nest.
 17627 | Lair:4   | Reached XP level 15. HP: 96/96 MP: 12/15
 17644 | Lair:4   | Received a gift from Trog
 17692 | Lair:4   | Found a hide-covered altar of Uskayaw.
 17792 | Lair:4   | Noticed Nessos
 17820 | Lair:4   | Killed Nessos
 19473 | Lair:5   | Received a gift from Trog
 19937 | Lair:6   | Entered Level 6 of the Lair of Beasts
 20043 | Lair:6   | Found a staircase to the Slime Pits.
 20419 | Lair:6   | Reached skill level 15 in Long Blades
 20672 | Lair:6   | Got a steaming bronze ring
 20944 | Lair:6   | Reached XP level 16. HP: 47/104 MP: 9/16
 21158 | Lair:6   | Identified the ring of the Modern Suns {Str+4 Dex+4 Slay+2}
                  | (You found it on level 6 of the Lair of Beasts)
 21857 | Orc:1    | Entered Level 1 of the Orcish Mines
 21860 | Orc:1    | Received a gift from Trog
 22496 | Orc:2    | Entered Level 2 of the Orcish Mines
 22550 | Orc:2    | Found a roughly hewn altar of Beogh.
 22630 | Orc:2    | Found a roughly hewn altar of Beogh.
 22658 | Orc:2    | Found Yhoaddes's Magic Scroll Shoppe.
 22666 | Orc:2    | Bought a scroll of blinking for 82 gold pieces
 22666 | Orc:2    | Bought a scroll of teleportation for 33 gold pieces
 22732 | Orc:2    | Noticed Josephine
 22740 | Orc:2    | Received a gift from Trog
 22745 | Orc:2    | Killed Josephine
 22843 | Orc:2    | Found Cikunnae's Weapon Shoppe.
 22930 | Orc:2    | Found a staircase to the Elven Halls.
 23483 | Orc:2    | Found a roughly hewn altar of Beogh.
 23508 | Orc:2    | Found Memmovom's Book Shop.
 23658 | Orc:2    | Received a gift from Trog
 23678 | Orc:2    | Found a roughly hewn altar of Beogh.
 23763 | Orc:2    | Found Lozoxeul's Antique Weapon Shoppe.
 23769 | Orc:2    | Found Miunuo's Antique Armour Emporium.
 23770 | Orc:2    | Found a roughly hewn altar of Beogh.
 23785 | Orc:2    | Bought a brightly glowing hat for 369 gold pieces
 23785 | Orc:2    | Bought a runed scarf for 328 gold pieces
 23808 | Orc:2    | Identified the +1 hat of the Fisher {rF+} (You bought it in
                  | a shop on level 2 of the Orcish Mines)
 24070 | Shoals:1 | Entered Level 1 of the Shoals
 24989 | Shoals:1 | Received a gift from Trog
 25497 | Shoals:2 | Found Xavi Jou's Food Shop.
 25867 | Shoals:2 | Found Nicy's Assorted Antiques.
 25894 | Shoals:2 | Killed from afar by a wind drake

Levels and vault maps discovered:
D:1:      dpeg_arrival_chambers_temple_mockup, layout_basic
D:2:      layout_rooms, uniq_jessica
D:3:      layout_basic, grunt_temple_overflow_open
D:4:      layout_basic, minmay_temple_entry_statues_pillars, st_stairs_3,
          chequers_serial_rivers_small_b
D:5:      layout_cave_pools, old_standard_altar, first_ration, serial_shops,
          shop_fountains, uniq_edmund
D:6:      layout_rooms, uniq_grinder
D:7:      layout_layer_cave, gammafunk_temple_overflow_statue
D:8:      minmay_skewed_foursquare, layout_basic, ashenzari_conservatory_becter,
          nicolae_overflow_crystal_walls, nicolae_ossuary_entry_false_entrances,
          hangedman_decor_riveting, the_bakery, yredelemnul_altar_generic
D:9:      layout_irregular_city, minmay_misc_feat_chi
D:10:     layout_stronghold, minmay_lair_entry_grove, orc_0_dummy, uniq_fannar,
          uniq_harold
D:11:     layout_basic, basic_altar, jmf_multi_god_temple
D:12:     layout_irregular_city, gammafunk_ghost_nasty_kobolds
D:13:     layout_irregular_city
D:14:     layout_cave_pools, david_vaults_2, serial_glass, glass_columns_c,
          glass_columns_b, glass_columns_c
D:15:     grunt_enter_depths_giant_problem, layout_cave_pools, minivault_14
Lair:1:   layout_roguey, chequers_serial_rivers_marsh
Lair:2:   layout_cave_pods, elwin_shoals_entry_stream,
          nicolae_volcano_entry_batcave, beast_lair_carwin_1
Lair:3:   layout_regular_city, spider_nest_entry_webs,
          nicolae_lair_grove_arrangements, lemuel_fruit_tree, uniq_snorg
Lair:4:   layout_layer_cave, basic_altar, disabler_island, serial_bayou_shore_a,
          uniq_nessos
Lair:5:   layout_layer_cave, chequers_serial_rivers_small_b,
          hangedman_lair_generics_rect
Lair:6:   grunt_lair_end_beastmaster, layout_regular_city,
          minmay_slime_entry_pillars, grunt_megastairs_2,
          minmay_lair_oklob_chamber
Shoals:1: layout_shoals
Shoals:2: layout_shoals, serial_shops, shop_statue, shop, nicolae_shop_trees,
          shop
Orc:1:    layout_diamond_mine, hangedman_minor_magic
Orc:2:    grunt_orc_community_town_hall, layout_caves,
          grunt_orc_community_big_house_2, grunt_orc_community_big_house_2,
          grunt_orc_community_house_3, grunt_orc_community_house_3,
          grunt_orc_community_house_2, grunt_orc_community_house_1,
          grunt_orc_community_house_1, grunt_orc_community_house_1,
          serial_shops, shop, uniq_josephine

Skill      XL: |  1  2  3  4  5  6  7  8  9 10 11 12 13 14 15 16 |
---------------+-------------------------------------------------+-----
Long Blades    | 3 4 5 6 8 10 11 12 13 14 15 | 15.6
Dodging        | 2 3 4 6 7 9 10 11 12 13 | 13.0
Armour         | 3 4 5 7 8 9 10 11 12 13 14 | 14.5
Fighting       | 6 9 11 12 13 14 | 14.4

Action                   |  1- 3 |  4- 6 |  7- 9 | 10-12 | 13-15 | 16-18 || total
-------------------------+-------+-------+-------+-------+-------+-------++-------
Melee: Falchion          |    67 |    91 |       |       |       |       ||   158
       Long sword        |       |   138 |   356 |       |       |       ||   494
       Scimitar          |       |       |    13 |   283 |       |       ||   296
       Demon blade       |       |       |       |   218 |   456 |       ||   674
       Great sword       |       |       |       |       |   469 |   439 ||   908
Invok: Berserk           |     1 |     4 |     8 |    11 |    11 |     2 ||    37
       Trog's Hand       |       |     1 |     1 |     3 |     6 |       ||    11
       Brothers in Arms  |       |       |       |       |     1 |       ||     1
 Abil: Fly               |       |       |       |       |     1 |       ||     1
Evoke: Wand              |       |       |     2 |       |    10 |       ||    12
  Use: Potion            |       |     1 |       |       |     2 |     1 ||     4
       Scroll            |       |       |     8 |     6 |    16 |     1 ||    31
 Stab: Petrified         |       |       |       |     6 |       |       ||     6
  Eat: Chunk             |     1 |    11 |    15 |    32 |    33 |    15 ||   107
       Ration            |       |       |     1 |       |     3 |     1 ||     5
Armor: Animal skin       |    10 |       |       |       |       |       ||    10
       Scale mail        |    18 |   138 |   209 |   134 |       |       ||   499
       Chain mail        |       |       |       |    93 |   255 |       ||   348
       Skin              |       |       |       |       |    19 |       ||    19
       Plate armour      |       |       |       |       |   507 |   318 ||   825
Dodge: Dodged            |    39 |   167 |   246 |   337 |   739 |   415 ||  1943
       Deflected         |       |       |       |       |       |    34 ||    34
       Rpst.: Falchion   |    16 |    27 |       |       |       |       ||    43
       Long sword        |       |    39 |    77 |       |       |       ||   116
       Scimitar          |       |       |     1 |    51 |       |       ||    52
       Demon blade       |       |       |       |    34 |    83 |       ||   117
       Great sword       |       |       |       |       |    81 |   111 ||   192

Table legend:
 A = Non-vault XP
 B = Vault XP
 C = Vault XP percentage of total XP
 D = Non-vault monster count
 E = Vault monster count
 F = Vault count percentage of total count
                 A         B        C        D         E       F
            +---------+---------+-------+---------+---------+-------
      Total |  120328 |   54360 |  31.1 |     630 |     237 |  27.3
            +---------+---------+-------+---------+---------+-------
        D:1 |      31 |       0 |   0.0 |      17 |       0 |   0.0
        D:2 |      40 |      37 |  48.1 |      15 |       1 |   6.2
        D:3 |     224 |       0 |   0.0 |      35 |       0 |   0.0
        D:4 |     269 |      34 |  11.2 |      21 |       1 |   4.5
        D:5 |     707 |     173 |  19.7 |      22 |       1 |   4.3
        D:6 |     265 |     281 |  51.5 |      13 |       1 |   7.1
        D:7 |     243 |       0 |   0.0 |       5 |       0 |   0.0
        D:8 |    1703 |     772 |  31.2 |      32 |       5 |  13.5
        D:9 |     583 |       0 |   0.0 |      13 |       0 |   0.0
       D:10 |    1374 |    3459 |  71.6 |      19 |      14 |  42.4
       D:11 |    4627 |    4255 |  47.9 |      44 |       4 |   8.3
       D:12 |    5152 |    3315 |  39.2 |      36 |      16 |  30.8
       D:13 |    8806 |       0 |   0.0 |      34 |       0 |   0.0
       D:14 |    6797 |    2845 |  29.5 |      39 |       3 |   7.1
       D:15 |   11484 |    1800 |  13.6 |      43 |       1 |   2.3
     Lair:1 |    2662 |       0 |   0.0 |      12 |       0 |   0.0
     Lair:2 |    6498 |    4259 |  39.6 |      20 |      13 |  39.4
     Lair:3 |    6855 |    1598 |  18.9 |      26 |       3 |  10.3
     Lair:4 |   12285 |    2101 |  14.6 |      35 |       6 |  14.6
     Lair:5 |    8351 |    2038 |  19.6 |      26 |       6 |  18.8
     Lair:6 |    7747 |   12421 |  61.6 |      26 |      26 |  50.0
   Shoals:1 |   20252 |       0 |   0.0 |      38 |       0 |   0.0
   Shoals:2 |    6780 |       0 |   0.0 |      15 |       0 |   0.0
      Orc:1 |    4035 |    1390 |  25.6 |      22 |      17 |  43.6
      Orc:2 |    2558 |    8991 |  77.9 |      22 |      83 |  79.0
    Ossuary |       0 |     207 | 100.0 |       0 |      16 | 100.0
    Volcano |       0 |    4384 | 100.0 |       0 |      20 | 100.0
            +---------+---------+-------+---------+---------+-------
